General information
- name: BNet
- type: Ladder team game (AT/RT)
- host: Battle.net
- saver: FATNlGGERLOVER
map: Deathknell
- players: 8
- length: 36:58
- speed: Fast
- version: 1.26 W3XP
- replay type: Public
» download(220 KB)
Players
team 1 (winner)
walmartpimp (
green | 55 APM | 1743 actions | 31:29)
5 Dreadlord
3 Sleep
2 Vampiric Aura
1 Priestess of the Moon
1 Scout
» actions
| Assign group hotkey | 12 | |
| Basic commands | 44 | |
| Build / train | 36 | |
| ESC pressed | 5 | |
| Enter build submenu | 15 | |
| Enter hero's abilities submenu | 6 | |
| Remove unit from queue | 2 | |
| Right click | 468 | |
| Select / deselect | 142 | |
| Select group hotkey | 954 | |
| Use ability | 59 | |
1743 total
» units
» upgrades
| Cannibalize | 1 | |
| Creature Attack | 1 | |
2 total
» buildings
| Ziggurat | 5 | |
| Crypt | 1 | |
| Altar of Darkness | 1 | |
| Halls of the Dead | 1 | |
| Graveyard | 1 | |
| Sacrificial Pit | 1 | |
| Black Citadel | 1 | |
| Spirit Tower | 1 | |
12 total
» build order
00:22 Ziggurat
00:25 Crypt
00:44 Altar of Darkness
01:38 Ziggurat
03:51 Ziggurat
03:55 Halls of the Dead
06:52 Graveyard
06:55 Sacrificial Pit
07:59 Black Citadel
08:29 Ziggurat
08:33 Ziggurat
08:55 Spirit Tower
» items
| Potion of Healing | 3 | |
| Potion of Mana | 1 | |
| Scroll of Regeneration | 1 | |
5 total
MomoiroOmnio (
purple | 74 APM | 1226 actions | 16:28)
3 Priestess of the Moon
2 Searing Arrows
1 Trueshot Aura
» actions
| Assign group hotkey | 4 | |
| Basic commands | 33 | |
| Build / train | 56 | |
| ESC pressed | 5 | |
| Enter build submenu | 11 | |
| Enter hero's abilities submenu | 3 | |
| Give item / drop item | 1 | |
| Right click | 897 | |
| Select / deselect | 158 | |
| Select group hotkey | 14 | |
| Use ability | 44 | |
1226 total
» units
| Wisp | 22 | |
| Huntress | 3 | |
| Druid of the Claw | 14 | |
39 total
» upgrades
| Ultravision | 1 | |
| Reinforced Hides | 3 | |
| Sentinel | 1 | |
| Druid of the Claw Training | 2 | |
| Well Spring | 1 | |
| Mark of the Claw | 1 | |
| Strength of the Wild | 2 | |
11 total
» buildings
| Altar of Elders | 1 | |
| Ancient of War | 1 | |
| Moon Well | 3 | |
| Hunter's Hall | 1 | |
| Ancient of Wonders | 1 | |
| Tree of Ages | 1 | |
| Tree of Eternity | 1 | |
| Ancient of Lore | 2 | |
| Ancient Protector | 6 | |
17 total
» build order
00:10 Altar of Elders
00:13 Ancient of War
00:18 Moon Well
02:22 Hunter's Hall
02:32 Moon Well
02:54 Moon Well
03:03 Ancient of Wonders
03:41 Tree of Ages
06:04 Tree of Eternity
06:35 Ancient of Lore
06:36 Ancient of Lore
14:36 Ancient Protector
14:38 Ancient Protector
14:39 Ancient Protector
14:40 Ancient Protector
14:51 Ancient Protector
16:24 Ancient Protector
SUMMONER_YUNA (
blue | 54 APM | 1985 actions | 36:57)
7 Archmage
3 Summon Water Elemental
3 Brilliance Aura
1 Mass Teleport
» actions
| Assign group hotkey | 37 | |
| Basic commands | 58 | |
| Build / train | 81 | |
| Enter build submenu | 24 | |
| Enter hero's abilities submenu | 7 | |
| Give item / drop item | 4 | |
| Remove unit from queue | 1 | |
| Right click | 774 | |
| Select / deselect | 309 | |
| Select group hotkey | 565 | |
| Use ability | 125 | |
1985 total
» units
| Peasant | 15 | |
| Footman | 4 | |
| Goblin Shredder | 1 | |
| Gryphon Rider | 7 | |
| Goblin Sapper | 2 | |
| Sorceress | 2 | |
| Knight | 1 | |
| Goblin Zeppelin | 1 | |
33 total
» upgrades
| Masonry | 3 | |
| Swords | 3 | |
| Armor | 3 | |
| Animal War Training | 1 | |
| Storm Hammers | 1 | |
| Sorceress Training | 2 | |
| Magic Sentry | 1 | |
14 total
» buildings
| Altar of Kings | 1 | |
| Barracks | 1 | |
| Farm | 12 | |
| Scout Tower | 24 | |
| Arcane Tower | 2 | |
| Town Hall | 1 | |
| Keep | 1 | |
| Lumber Mill | 2 | |
| Arcane Vault | 1 | |
| Guard Tower | 9 | |
| Castle | 2 | |
| Blacksmith | 1 | |
| Gryphon Aviary | 3 | |
| Arcane Sanctum | 1 | |
61 total
» build order
00:07 Altar of Kings
00:21 Barracks
00:36 Farm
00:51 Farm
01:36 Farm
01:51 Scout Tower
02:24 Arcane Tower
02:47 Farm
03:47 Town Hall
03:50 Scout Tower
03:51 Scout Tower
05:07 Keep
05:09 Arcane Tower
05:17 Lumber Mill
05:26 Arcane Vault
05:36 Scout Tower
05:37 Scout Tower
05:37 Scout Tower
05:37 Scout Tower
05:38 Scout Tower
05:55 Scout Tower
05:56 Scout Tower
05:56 Scout Tower
05:56 Scout Tower
05:58 Scout Tower
05:58 Scout Tower
05:59 Scout Tower
06:45 Guard Tower
06:49 Guard Tower
07:10 Guard Tower
07:29 Castle
08:02 Scout Tower
08:03 Scout Tower
08:13 Blacksmith
08:18 Gryphon Aviary
08:21 Gryphon Aviary
08:22 Gryphon Aviary
08:49 Farm
08:49 Farm
08:50 Farm
08:51 Farm
08:51 Farm
08:55 Guard Tower
08:55 Guard Tower
10:25 Scout Tower
10:26 Scout Tower
10:26 Scout Tower
10:28 Scout Tower
10:28 Scout Tower
10:29 Scout Tower
10:31 Farm
10:32 Farm
11:10 Guard Tower
11:57 Guard Tower
13:20 Arcane Sanctum
21:44 Lumber Mill
» items
| Scroll of Regeneration | 5 | |
| Staff of Sanctuary | 1 | |
| Potion of Healing | 1 | |
| Scroll of Town Portal | 2 | |
9 total
arcc0ntr0l (
orange | 17 APM | 631 actions | 36:58)
4 Lich
2 Frost Nova
2 Dark Ritual
» actions
| Basic commands | 10 | |
| Build / train | 59 | |
| Enter build submenu | 18 | |
| Enter hero's abilities submenu | 4 | |
| Remove unit from queue | 2 | |
| Right click | 240 | |
| Select / deselect | 254 | |
| Use ability | 44 | |
631 total
» units
| Acolyte | 15 | |
| Ghoul | 4 | |
| Crypt Fiend | 22 | |
41 total
» upgrades
| Creature Attack | 2 | |
| Web | 1 | |
| Burrow | 1 | |
| Creature Carapace | 2 | |
6 total
» buildings
| Ziggurat | 10 | |
| Altar of Darkness | 1 | |
| Crypt | 2 | |
| Graveyard | 1 | |
| Halls of the Dead | 1 | |
| Spirit Tower | 2 | |
| Tomb of Relics | 1 | |
| Black Citadel | 1 | |
19 total
» build order
00:07 Ziggurat
00:10 Altar of Darkness
00:19 Ziggurat
00:59 Crypt
01:38 Crypt
01:49 Graveyard
02:32 Ziggurat
03:29 Halls of the Dead
09:16 Ziggurat
09:21 Ziggurat
09:24 Ziggurat
12:31 Spirit Tower
13:53 Tomb of Relics
17:14 Black Citadel
17:56 Ziggurat
17:58 Ziggurat
18:00 Ziggurat
18:07 Ziggurat
19:52 Spirit Tower
» items
team 2 (loser)

»
tk_followers (
red | 38 APM | 1393 actions | 36:58)
4 Mountain King
2 Storm Bolt
2 Bash
2 Paladin
1 Holy Light
1 Divine Shield
1 Archmage
1 Brilliance Aura
» actions
| Assign group hotkey | 52 | |
| Basic commands | 57 | |
| Build / train | 94 | |
| Enter build submenu | 24 | |
| Enter hero's abilities submenu | 7 | |
| Give item / drop item | 14 | |
| Right click | 371 | |
| Select / deselect | 371 | |
| Select group hotkey | 285 | |
| Use ability | 118 | |
1393 total
» units
| Peasant | 11 | |
| Rifleman | 10 | |
| Goblin Shredder | 1 | |
| Sorceress | 2 | |
| Spell Breaker | 2 | |
| Siege Engine | 4 | |
| Gryphon Rider | 3 | |
| Mortar Team | 2 | |
35 total
» upgrades
| Gunpowder | 3 | |
| Masonry | 3 | |
| Armor | 3 | |
| Plating | 3 | |
| Long Rifles | 1 | |
| Magic Sentry | 1 | |
| Priest Training | 2 | |
| Animal War Training | 1 | |
| Barrage | 1 | |
| Swords | 2 | |
| Storm Hammers | 1 | |
| Fragmentation Shards | 1 | |
22 total
» buildings
| Altar of Kings | 1 | |
| Farm | 7 | |
| Blacksmith | 2 | |
| Barracks | 1 | |
| Lumber Mill | 1 | |
| Town Hall | 4 | |
| Scout Tower | 4 | |
| Guard Tower | 2 | |
| Keep | 1 | |
| Arcane Vault | 1 | |
| Arcane Tower | 1 | |
| Castle | 1 | |
| Arcane Sanctum | 1 | |
| Workshop | 1 | |
| Gryphon Aviary | 1 | |
29 total
» build order
00:11 Altar of Kings
00:23 Farm
00:24 Farm
00:46 Blacksmith
00:49 Blacksmith
01:33 Barracks
01:52 Farm
03:29 Lumber Mill
04:11 Farm
05:31 Town Hall
05:36 Scout Tower
05:37 Scout Tower
06:43 Scout Tower
06:45 Guard Tower
06:47 Scout Tower
07:27 Guard Tower
08:29 Keep
08:49 Arcane Vault
10:22 Arcane Tower
10:55 Castle
11:15 Arcane Sanctum
12:14 Workshop
12:36 Farm
12:42 Farm
13:16 Farm
15:32 Gryphon Aviary
18:43 Town Hall
22:51 Town Hall
24:35 Town Hall
» items
| Scroll of Regeneration | 3 | |
| Mechanical Critter | 5 | |
| Potion of Healing | 3 | |
| Orb of Fire | 5 | |
| Staff of Sanctuary | 3 | |
| Scroll of Town Portal | 3 | |
22 total
SoGooD (
teal | 45 APM | 1212 actions | 26:40)
5 Mountain King
3 Storm Bolt
2 Bash
3 Goblin Tinker
2 Pocket Factory
1 Engineering Upgrade
» actions
| Assign group hotkey | 11 | |
| Basic commands | 3 | |
| Build / train | 70 | |
| ESC pressed | 1 | |
| Enter build submenu | 29 | |
| Enter hero's abilities submenu | 8 | |
| Give item / drop item | 1 | |
| Remove unit from queue | 2 | |
| Right click | 567 | |
| Select / deselect | 376 | |
| Select group hotkey | 66 | |
| Use ability | 78 | |
1212 total
» units
| Peasant | 13 | |
| Footman | 6 | |
| Rifleman | 9 | |
| Mortar Team | 7 | |
| Flying Machine | 6 | |
41 total
» upgrades
| Long Rifles | 1 | |
| Gunpowder | 1 | |
| Masonry | 1 | |
| Lumber Harvesting | 1 | |
4 total
» buildings
| Farm | 10 | |
| Altar of Kings | 1 | |
| Barracks | 1 | |
| Scout Tower | 8 | |
| Arcane Tower | 1 | |
| Lumber Mill | 1 | |
| Blacksmith | 1 | |
| Arcane Vault | 2 | |
| Keep | 1 | |
| Guard Tower | 1 | |
| Town Hall | 1 | |
| Workshop | 1 | |
| Cannon Tower | 1 | |
| Castle | 1 | |
31 total
» build order
00:17 Farm
00:35 Altar of Kings
00:50 Barracks
00:57 Scout Tower
02:01 Arcane Tower
02:03 Farm
02:17 Scout Tower
02:20 Lumber Mill
02:37 Blacksmith
02:42 Scout Tower
02:52 Farm
03:29 Farm
03:51 Arcane Vault
04:11 Farm
04:29 Keep
04:46 Guard Tower
05:01 Farm
05:49 Town Hall
06:42 Scout Tower
07:05 Workshop
08:20 Farm
10:16 Farm
12:32 Farm
13:03 Cannon Tower
13:13 Scout Tower
13:16 Scout Tower
14:19 Castle
14:24 Scout Tower
14:25 Scout Tower
14:45 Arcane Vault
15:04 Farm
» items
| Scroll of Regeneration | 3 | |
| Lesser Clarity Potion | 2 | |
| Scroll of Town Portal | 1 | |
| Potion of Healing | 2 | |
8 total
FATNlGGERLOVER (
yellow | 86 APM | 3186 actions | 36:58)
7 Archmage
3 Summon Water Elemental
3 Brilliance Aura
1 Mass Teleport
» actions
| Assign group hotkey | 84 | |
| Basic commands | 241 | |
| Build / train | 129 | |
| ESC pressed | 15 | |
| Enter build submenu | 44 | |
| Enter hero's abilities submenu | 7 | |
| Give item / drop item | 4 | |
| Remove unit from queue | 2 | |
| Right click | 1051 | |
| Select / deselect | 473 | |
| Select group hotkey | 875 | |
| Use ability | 261 | |
3186 total
» units
| Peasant | 18 | |
| Footman | 7 | |
| Goblin Shredder | 3 | |
| Goblin Zeppelin | 8 | |
| Goblin Sapper | 7 | |
| Ice Troll Trapper | 1 | |
| Ice Troll Berserker | 1 | |
| Dragonhawk Rider | 4 | |
| Gryphon Rider | 14 | |
63 total
» upgrades
| Swords | 3 | |
| Armor | 3 | |
| Gunpowder | 1 | |
| Plating | 2 | |
| Masonry | 3 | |
| Lumber Harvesting | 2 | |
| Storm Hammers | 1 | |
| Cloud | 1 | |
| Animal War Training | 1 | |
| Backpack | 1 | |
| Long Rifles | 1 | |
19 total
» buildings
| Altar of Kings | 1 | |
| Barracks | 1 | |
| Farm | 12 | |
| Arcane Vault | 1 | |
| Blacksmith | 1 | |
| Town Hall | 4 | |
| Lumber Mill | 1 | |
| Keep | 3 | |
| Scout Tower | 7 | |
| Guard Tower | 1 | |
| Gryphon Aviary | 19 | |
| Castle | 4 | |
55 total
» build order
01:09 Altar of Kings
01:11 Barracks
01:13 Farm
01:16 Farm
01:27 Farm
01:54 Arcane Vault
02:00 Farm
02:36 Farm
03:08 Blacksmith
04:15 Town Hall
05:43 Lumber Mill
07:35 Keep
07:35 Keep
08:31 Scout Tower
08:31 Scout Tower
08:32 Scout Tower
08:34 Scout Tower
08:35 Scout Tower
08:37 Scout Tower
08:40 Scout Tower
09:30 Guard Tower
10:40 Gryphon Aviary
10:41 Gryphon Aviary
10:43 Gryphon Aviary
10:50 Castle
10:51 Castle
10:51 Castle
13:31 Gryphon Aviary
17:42 Gryphon Aviary
17:45 Gryphon Aviary
17:47 Gryphon Aviary
17:50 Gryphon Aviary
17:51 Gryphon Aviary
17:54 Gryphon Aviary
17:57 Farm
17:57 Farm
17:58 Farm
17:59 Farm
18:01 Farm
18:01 Farm
18:02 Farm
18:12 Town Hall
20:54 Gryphon Aviary
20:55 Gryphon Aviary
20:56 Gryphon Aviary
20:58 Gryphon Aviary
21:11 Gryphon Aviary
21:14 Gryphon Aviary
21:18 Gryphon Aviary
21:19 Gryphon Aviary
22:48 Town Hall
23:37 Gryphon Aviary
26:56 Town Hall
» items
| Scroll of Regeneration | 5 | |
| Mechanical Critter | 3 | |
| Scroll of Town Portal | 3 | |
| Staff of Sanctuary | 1 | |
12 total
TheBatman (
pink | 50 APM | 1854 actions | 36:54)
8 Archmage
3 Summon Water Elemental
3 Brilliance Aura
1 Mass Teleport
1 Blizzard
» actions
| Assign group hotkey | 30 | |
| Basic commands | 179 | |
| Build / train | 74 | |
| Enter build submenu | 39 | |
| Enter hero's abilities submenu | 8 | |
| Give item / drop item | 6 | |
| Right click | 597 | |
| Select / deselect | 369 | |
| Select group hotkey | 402 | |
| Use ability | 150 | |
1854 total
» units
| Peasant | 12 | |
| Footman | 4 | |
| Goblin Shredder | 2 | |
| Gryphon Rider | 9 | |
| Goblin Sapper | 3 | |
30 total
» upgrades
| Masonry | 3 | |
| Storm Hammers | 1 | |
| Swords | 3 | |
| Armor | 3 | |
| Animal War Training | 1 | |
| Cloud | 1 | |
12 total
» buildings
| Altar of Kings | 1 | |
| Barracks | 1 | |
| Farm | 8 | |
| Keep | 1 | |
| Town Hall | 4 | |
| Arcane Vault | 3 | |
| Lumber Mill | 1 | |
| Castle | 1 | |
| Gryphon Aviary | 4 | |
| Blacksmith | 2 | |
| Scout Tower | 18 | |
| Guard Tower | 2 | |
46 total
» build order
00:38 Altar of Kings
00:39 Barracks
00:55 Farm
01:06 Farm
01:07 Farm
01:58 Farm
03:32 Keep
03:53 Town Hall
04:05 Arcane Vault
05:07 Lumber Mill
06:34 Castle
07:19 Gryphon Aviary
07:21 Gryphon Aviary
07:29 Gryphon Aviary
07:51 Gryphon Aviary
07:56 Blacksmith
07:59 Blacksmith
08:15 Farm
09:16 Farm
15:20 Town Hall
15:24 Scout Tower
15:24 Scout Tower
15:25 Scout Tower
15:25 Scout Tower
15:27 Scout Tower
15:27 Scout Tower
15:27 Scout Tower
15:28 Scout Tower
16:09 Farm
16:10 Farm
17:09 Guard Tower
18:44 Town Hall
18:47 Scout Tower
18:47 Scout Tower
18:48 Scout Tower
18:49 Scout Tower
18:52 Scout Tower
18:56 Scout Tower
18:57 Scout Tower
18:57 Scout Tower
18:58 Scout Tower
19:01 Scout Tower
21:23 Guard Tower
21:50 Arcane Vault
21:54 Arcane Vault
27:38 Town Hall
» items
| Scroll of Regeneration | 9 | |
| Mechanical Critter | 6 | |
| Scroll of Town Portal | 2 | |
| Potion of Healing | 2 | |
19 total
Chat log
(00:07 / Allies) SoGooD: hi
(00:12 / Allies) SoGooD: rifles foot mort
(00:25 / Allies) SoGooD: copter if needed
(01:00 / All) SUMMONER_YUNA: purple isnt ur name from new vegas?
(07:40 / All) SUMMONER_YUNA: no idea lol
(09:06 / All) FATNlGGERLOVER: Walmartpimp is my ho, as always
(10:37 / All) TheBatman: wow walmartpimp god owned
(10:49 / All) FATNlGGERLOVER: He's my bitch
(11:20 / All) SUMMONER_YUNA: i hope to get teal
(11:44 / All) FATNlGGERLOVER: Now you have more gold you can do nothing with!
(11:49 / All) FATNlGGERLOVER: Nice cancel
(13:16 / All) FATNlGGERLOVER: SOLO DL WALMARTPIMP!
(14:48 / All) FATNlGGERLOVER: Say goodbye to your lumber income orange
(15:01 / All) MomoiroOmnio: this is awful
(15:09 / All) FATNlGGERLOVER: Your team sure is
(15:10 / All) MomoiroOmnio: so awful
(15:15 / All) FATNlGGERLOVER: Blue is its only good player
(15:18 / All) MomoiroOmnio: and bears just got killed by mk
(15:29 / All) MomoiroOmnio: should have went gianta
(15:31 / All) MomoiroOmnio: giants
(15:35 / All) TheBatman: well you said it so I agree
(15:37 / All) TheBatman: yes you are awful
(15:42 / All) FATNlGGERLOVER: No cancel
(16:02 / All) MomoiroOmnio: what I dont get is
(16:03 / Allies) tk_followers: repair
(16:07 / All) MomoiroOmnio: when that ud base went down
(16:11 / All) MomoiroOmnio: why haven't my team tpd
(16:17 / All) MomoiroOmnio: that's the worst part
(16:21 / All) MomoiroOmnio: not my bear losses'
(16:31 / All) TheBatman: lol
(16:45 / All) TheBatman: nice tp orange
(16:56 / All) TheBatman: I have mass teleport myself, dodn't cost me anything but some mana points
(16:59 / All) TheBatman: that I quickly regenerate
(17:06 / Allies) TheBatman: you have asapper
(18:12 / Allies) TheBatman: Rod
(18:14 / Allies) TheBatman: You have two sappers
(18:22 / Allies) FATNlGGERLOVER: I do?
(18:24 / Allies) FATNlGGERLOVER: oh shit lawl
(18:27 / Allies) FATNlGGERLOVER: I forgot about those
(19:45 / All) FATNlGGERLOVER: I forgot to even buy a tp
(20:13 / All) FATNlGGERLOVER: LAWL
(20:14 / All) FATNlGGERLOVER: DL
(20:51 / All) TheBatman: you barely made it out
(20:55 / All) TheBatman: just by the hair on yoru chinny chin chin
(21:52 / Allies) SoGooD: 10k =(
(22:05 / All) FATNlGGERLOVER: wait wtf
(22:14 / All) FATNlGGERLOVER: I thought I ordered an expo to be made where teal's old one was
(22:19 / All) FATNlGGERLOVER: I wonder what happened to it
(22:23 / All) FATNlGGERLOVER: I need to pay attention in this game
(23:09 / Allies) SoGooD: k
(23:13 / Allies) SoGooD: have fun
(23:27 / Allies) SoGooD: you stupid no life
(23:28 / Allies) TheBatman: was kind of hard to target
(23:29 / Allies) SoGooD: unistal
(23:52 / All) SUMMONER_YUNA: who lol
(23:55 / Allies) TheBatman: Faggot red lawl
(24:14 / All) TheBatman: TK red every game
(25:11 / Allies) SoGooD: you guys are weird
(25:51 / Allies) SoGooD: what a waste of time
(26:01 / Allies) SoGooD: just suicide yourself
(26:10 / All) TheBatman: red is the faggot taht tks when he thinks the game is won
(26:11 / Allies) FATNlGGERLOVER: I will eventually for the standoff
(26:38 / Allies) SoGooD: fking trash
(27:55 / All) TheBatman: LOL HE RAN
(27:57 / All) TheBatman: FROM THAT DIRECTION
(28:20 / All) FATNlGGERLOVER: He ran toward me
(28:43 / All) SUMMONER_YUNA: dead
(30:12 / All) FATNlGGERLOVER: I always appreciate when you sent units for XP
(30:16 / All) FATNlGGERLOVER: Well I hope those were for XP
(30:20 / All) FATNlGGERLOVER: I'd feel like a prick if they weren't
(30:21 / All) SUMMONER_YUNA: me 2
(30:26 / All) TheBatman: Leave no vestige of red's foul presence
(30:46 / All) SUMMONER_YUNA: someone tell them the score?
(31:03 / All) walmartpimp: 300 mg
(31:06 / All) FATNlGGERLOVER: Listen up friends
(31:11 / All) FATNlGGERLOVER: We will kill everything including our own units
(31:14 / All) SUMMONER_YUNA: green knows lol
(31:16 / All) FATNlGGERLOVER: You will have no way to finish the other
(31:21 / All) FATNlGGERLOVER: Everyone will have an equal chance of victory
(31:23 / All) FATNlGGERLOVER: Sound fair?
(31:27 / All) walmartpimp: later
(31:53 / All) TheBatman: did walmartpimp know it was us
(31:59 / All) SUMMONER_YUNA: yes he said 300 mg
(32:02 / Allies) TheBatman: oh lawl
(32:07 / All) TheBatman: when
(32:11 / All) SUMMONER_YUNA: 10 sec ago
(32:16 / All) SUMMONER_YUNA: i never told him this game
(32:16 / All) TheBatman: Oh I meant sooner
(32:27 / All) SUMMONER_YUNA: he hasnt said one word
(32:36 / All) TheBatman: Have you ever heard the Colbie Caillat song I Never Told You
(32:40 / All) TheBatman: is that how you're feeling
(32:53 / All) SUMMONER_YUNA: ill leave oj a zepp
(33:05 / All) TheBatman: I'll leave red a frog
(34:09 / All) SUMMONER_YUNA: done my side
(34:38 / All) FATNlGGERLOVER: 95 food of pure air sure powers down buildings fast
(35:26 / Allies) TheBatman: leave presents
(36:01 / Allies) TheBatman: those are your presents red
(36:07 / All) SUMMONER_YUNA: well zack went offline
(36:52 / All) TheBatman: MERRY CHRISTMAS
(36:55 / All) FATNlGGERLOVER: Good luck everyone
(36:58 / All) FATNlGGERLOVER: LET IT BEGIN, LET IT BEGIN!